Map: Rhoskallian EE

Players

MrFercho

  • Race: Zerg Zerg
  • Spawn Location: 12:00

tigro

  • Race: Terran Terran
  • Spawn Location: 11:00

kray

  • Race: Protoss Protoss
  • Spawn Location: 6:00

Darkmark

  • Race: Zerg Zerg
  • Spawn Location: 5:00

VOD

Have the link to the VOD?

Description

Time

  • Played on: June 9, 2020, 9:38 p.m.
  • Length: 15:35
Show
View Real Time Build Order
Export as new Build Order

MrFercho Zerg 

Build Orders: Hatch First 

Get SALT Encoding   

  12  0:01  Drone  
  13  0:14  Overlord  
  13  0:18  Drone  
  14  0:32  Drone x2  
  16  0:54  Drone  
  17  0:59  Drone  
  17  1:00  Drone  
  17  1:03  Hatchery  
  18  1:18  Spawning Pool  
  18  1:21  Drone  
  18  1:26  Drone  
  18  1:30  Drone  
  20  1:37  Extractor  
  19  1:48  Drone  
  19  1:51  Drone  
  21  2:11  Drone  
  22  2:20  Queen x2  
  26  2:28  Zergling x4  
  28  2:51  Overlord x4  
  28  3:07  Extractor  
  28  3:12  Extractor  
  26  3:16  Drone x6  
  32  3:26  Lair  
  32  3:29  Queen  
  32  3:31  Drone x6  
  40  3:45  Roach Warren  
  39  4:00  Evolution Chamber  
  38  4:08  Drone x6  
  44  4:34  Zerg Missile Weapons Level 1  
  44  4:41  Overlord x2  
  44  4:43  Roach  
  44  4:44  Roach x5  
  56  4:52  Drone x2  
  58  5:06  Extractor  
  58  5:07  Drone  
  58  5:08  Drone x3  
  61  5:18  Drone x4  
  65  5:47  Hatchery, Glial Reconstitution  
  64  5:54  Hydralisk Den  
  63  6:01  Evolution Chamber  
  62  6:05  Drone x6  
  68  6:24  Grooved Spines  
  68  6:28  Zerg Ground Armor Level 1  
  68  6:32  Infestation Pit  
  67  6:33  Zerg Missile Weapons Level 2  
  67  7:11  Drone  
  67  7:12  Drone x11  
  79  7:20  Extractor  
  78  7:25  Extractor  
  77  7:35  Muscular Augments  
  75  7:54  Hydralisk x5  
  81  7:59  Overlord  
  81  8:00  Overlord x2  
  81  8:01  Overlord  
  73  8:06  Drone x3  
  76  8:18  Drone x8  
  84  8:34  Hatchery  
  83  8:42  Overlord  
  83  8:43  Overlord x2  
  83  8:44  Overlord  
  83  8:59  Hive  
  83  9:00  Zerg Ground Armor Level 2  
  83  9:11  Spire  
  83  9:16  Drone x6  
  83  9:17  Drone x6  
  94  9:46  Extractor  
  94  9:47  Extractor  
  92  10:02  Hydralisk x9  
  110  10:12  Pneumatized Carapace  
  110  10:35  Hydralisk  
  110  10:36  Hydralisk x8  
  128  10:56  Overlord x2  
  128  10:57  Overlord x2  
  110  11:14  Drone x7  
  110  11:16  Drone x2  
  109  11:32  Zerg Missile Weapons Level 3, Zerg Ground Armor Level 3  
  109  11:39  Mutalisk x10  
  129  11:57  Hatchery  
  129  12:00  Hatchery  
  113  12:24  Hydralisk x7  
  113  12:25  Hydralisk x4  
  113  12:32  Queen  
  105  12:56  Queen  
  101  13:05  Overlord x4  
  85  13:08  Hydralisk x6  
  85  13:09  Hydralisk x2  
  84  13:23  Hydralisk  
  84  13:24  Hydralisk x8  
  88  13:32  Mutalisk x3  
  85  13:47  Mutalisk  
  85  13:48  Mutalisk x4  
  75  13:56  Hydralisk x7  
  75  14:06  Greater Spire  
  75  14:07  Hydralisk x3  
  73  14:19  Hydralisk x3  
  54  14:33  Hydralisk x6  
  58  14:52  Mutalisk x7  
Show
View Real Time Build Order
Export as new Build Order

tigro Terran 

Build Orders:  

Get SALT Encoding   

  12  0:03  SCV  
  13  0:15  SCV  
  14  0:27  Supply Depot, SCV  
  15  0:36  Refinery  
  15  0:49  SCV  
  16  0:56  Barracks  
  16  1:01  SCV  
  17  1:12  Refinery  
  17  1:13  SCV  
  18  1:25  SCV  
  19  1:42  Supply Depot  
  19  1:43  Marine  
  20  1:49  SCV  
  21  2:01  Marine, SCV  
  21  2:05  Barracks  
  23  2:19  Marine  
  24  2:37  Marine  
  25  2:55  Barracks Tech Lab, Marine  
  26  3:00  Factory  
  26  3:11  Engineering Bay  
  26  3:24  SCV  
  27  3:36  SCV  
  28  3:42  Barracks Tech Lab  
  28  3:44  Combat Shield  
  28  3:47  Command Center  
  28  3:49  Marine, SCV  
  30  3:56  Terran Infantry Weapons Level 1  
  30  4:03  Stimpack  
  30  4:07  Marine  
  31  4:16  Orbital Command  
  31  4:33  Factory Tech Lab  
  31  4:50  Marine  
  32  4:57  Starport  
  32  5:02  Refinery  
  32  5:03  Concussive Shells  
  32  5:08  Marine  
  32  5:09  SCV  
  34  5:20  Siege Tank  
  34  5:21  SCV, Refinery  
  38  5:34  Medivac  
  40  5:42  Fusion Core  
  40  5:51  Terran Infantry Armor Level 1  
  40  6:07  SCV  
  41  6:16  Marine x2  
  43  6:19  SCV  
  44  6:31  Armory, SCV  
  45  6:33  Marine  
  45  6:34  Marine  
  45  6:35  Starport Tech Lab  
  47  6:40  Weapon Refit  
  47  6:43  SCV  
  48  6:51  Marine x2  
  50  6:55  SCV  
  51  7:08  SCV  
  52  7:11  Medivac  
  54  7:43  SCV  
  53  7:45  Neosteel Armor  
  39  7:55  SCV  
  38  8:00  Siege Tank  
  39  8:07  SCV  
  40  8:16  Marine x2  
  42  8:34  Marine x2  
  44  8:52  Marine x2  
  46  9:09  Marine x2  
  46  9:12  Battlecruiser  
  46  9:16  Terran Vehicle Weapons Level 1  
  54  9:21  Drilling Claws  
  54  9:25  Hi-Sec Auto Tracking  
  54  9:27  Marine x2  
  54  9:28  Command Center  
  56  9:45  Marine x2  
  58  10:03  Marine x2  
  60  10:21  Terran Infantry Weapons Level 2, Marine x2  
  62  10:30  Supply Depot  
  62  10:39  Mag-Field Accelerator  
  62  10:40  Marine x2, Battlecruiser  
  62  10:41  Missile Turret  
  70  10:53  Supply Depot  
  70  10:57  Marine x2  
  70  11:01  Missile Turret  
  72  11:10  Terran Vehicle And Ship Armor Level 1  
  72  11:15  Marine x2  
  52  11:33  Marine x2  
  49  11:44  Battlecruiser  
  55  11:51  Marine x2  
  57  11:55  Thor  
  63  12:02  SCV  
  64  12:09  Marine x2  
  64  12:14  Refinery, SCV  
  61  12:26  Marine x2, SCV  
  64  12:38  SCV  
  65  12:44  Marine x2  
  65  12:48  Medivac  
  65  12:50  SCV  
  69  13:02  Marine x2  
  69  13:04  Terran Ship Weapons Level 1  
  53  13:18  Battlecruiser  
  52  13:20  Marine x2  
  50  13:38  Marine x2  
  49  13:56  Marine x2  
  54  14:13  Marine  
  31  14:38  Planetary Fortress  
  31  14:39  Refinery  
Show
View Real Time Build Order
Export as new Build Order

kray Protoss 

Build Orders:  

Get SALT Encoding   

  12  0:01  Probe  
  13  0:13  Probe  
  14  0:19  Pylon  
  14  0:25  Probe  
  15  0:37  Probe  
  15  0:39  Gateway  
  16  0:45  Probe  
  17  0:53  Assimilator  
  17  0:54  Probe  
  18  1:06  Probe  
  19  1:18  Probe  
  20  1:27  Cybernetics Core  
  20  1:30  Probe  
  21  1:42  Probe  
  21  1:44  Warp Gate  
  22  1:52  Nexus  
  22  1:53  Pylon  
  22  1:57  Probe  
  23  2:11  Probe  
  26  2:17  Adept  
  26  2:22  Assimilator  
  26  2:23  Probe  
  27  2:31  Robotics Facility  
  27  2:42  Probe  
  27  2:54  Probe  
  28  3:01  Pylon  
  28  3:05  Probe  
  29  3:06  Probe  
  30  3:16  Probe  
  30  3:18  Probe  
  32  3:20  Stalker, Observer  
  32  3:24  Probe  
  32  3:25  Assimilator  
  35  3:30  Probe  
  37  3:42  Gateway  
  37  3:48  Gateway  
  37  3:50  Gateway, Forge  
  37  3:52  Probe  
  37  3:55  Observer  
  39  3:59  Probe  
  40  4:05  Probe, Protoss Ground Weapons Level 1  
  41  4:12  Probe  
  41  4:15  Assimilator  
  41  4:16  Pylon  
  41  4:17  Probe  
  43  4:24  Immortal, Probe  
  48  4:29  Probe  
  49  4:36  Probe  
  50  4:41  Probe  
  50  4:42  Pylon  
  51  4:47  Twilight Council  
  51  4:49  Photon Cannon  
  51  4:50  Probe  
  51  4:55  Pylon  
  51  4:59  Probe  
  53  5:09  Probe  
  53  5:10  Photon Cannon  
  54  5:20  Probe  
  56  5:21  Probe  
  56  5:22  Robotics Bay  
  56  5:26  Pylon  
  56  5:32  Photon Cannon, Probe  
  56  5:33  Probe  
  58  5:42  Pylon  
  58  5:45  Probe x2  
  60  5:51  Blink  
  60  5:56  Nexus  
  60  6:00  Pylon, Probe  
  60  6:01  Assimilator  
  61  6:05  Pylon  
  61  6:12  Colossus, Pylon, Probe  
  68  6:18  Extended Thermal Lance  
  68  6:20  Probe  
  68  6:22  Pylon  
  68  6:24  Probe  
  70  6:28  Protoss Ground Armor Level 1, Pylon, Probe  
  71  6:36  Probe  
  72  6:42  Probe  
  73  6:54  Probe  
  74  7:04  Photon Cannon  
  74  7:07  Pylon  
  74  7:09  Assimilator, Probe  
  74  7:13  Pylon  
  74  7:16  Photon Cannon  
  74  7:20  Probe  
  74  7:21  Stalker  
  74  7:22  Stalker x3  
  80  7:28  Probe  
  78  7:32  Colossus  
  78  7:36  Probe  
  82  7:47  Probe  
  83  7:55  Zealot x4  
  91  8:07  Probe  
  91  8:09  Protoss Ground Weapons Level 2  
  92  8:13  Probe  
  92  8:15  Probe  
  94  8:21  Probe, Gravitic Boosters  
  94  8:24  Probe  
  94  8:25  Charge, Probe  
  94  8:26  Stalker x3  
  94  8:27  Stalker  
  103  8:30  Colossus  
  103  8:32  Probe  
  112  8:49  Gateway  
  112  8:51  Gateway  
  112  8:52  Probe  
  112  8:53  Gateway  
  113  8:57  Gateway  
  113  9:04  Probe  
  114  9:11  Gateway, Nexus  
  114  9:14  Pylon  
  114  9:16  Probe  
  115  9:17  Probe  
  115  9:20  Pylon  
  116  9:27  Forge  
  116  9:28  Forge, Probe  
  116  9:30  Photon Cannon, Probe  
  118  9:35  Colossus  
  124  9:54  Robotics Facility  
  124  9:56  Templar Archives  
  124  9:58  Photon Cannon, Protoss Ground Armor Level 2  
  124  9:59  Pylon  
  124  10:02  Photon Cannon x2  
  124  10:06  Photon Cannon  
  124  10:07  Protoss Shields Level 1  
  124  10:09  Photon Cannon  
  124  10:12  Pylon  
  124  10:13  Probe  
  125  10:14  Assimilator  
  125  10:22  Protoss Ground Weapons Level 3  
  125  10:31  Colossus  
  131  10:37  Colossus  
  131  10:38  High Templar x4  
  139  10:44  Probe  
  146  10:52  Archon x2  
  144  11:16  High Templar x2  
  148  11:20  Probe  
  148  11:24  Probe  
  148  11:25  Colossus  
  150  11:26  Assimilator  
  150  11:31  Photon Cannon  
  156  11:33  Probe  
  156  11:36  Probe  
  158  11:46  Observer  
  159  11:48  High Templar x3  
  159  11:49  High Templar x3  
  159  11:50  High Templar  
  159  11:51  Zealot x2  
  177  11:54  Archon x3  
  177  11:55  Archon  
  177  12:13  Colossus  
  177  12:15  Zealot x2  
  179  12:35  Stalker x3  
  179  12:36  Stalker x2  
  189  12:47  Stalker  
  189  12:48  Zealot x3  
  197  13:00  Probe  
  197  13:02  High Templar x3  
  196  13:16  Colossus  
  192  13:30  Colossus  
  192  13:33  Archon  
  198  13:38  Nexus  
  198  13:40  Pylon  
  198  13:43  Assimilator  
  198  13:48  Assimilator, Probe  
  198  13:51  Pylon  
  198  13:53  Pylon  
  195  13:56  Probe  
  195  13:58  Zealot x2  
  195  13:59  Zealot  
  200  14:54  Pylon  
  200  14:58  Pylon  
  200  15:04  Pylon  
Show
View Real Time Build Order
Export as new Build Order

Darkmark Zerg 

Build Orders: Pool First, Brood Lord Corruptor 

Get SALT Encoding   

  12  0:03  Drone  
  13  0:08  Drone  
  14  0:24  Extractor  
  14  0:25  Drone  
  15  0:31  Overlord  
  15  0:42  Spawning Pool  
  14  0:50  Drone x2  
  14  0:52  Drone  
  17  1:01  Drone  
  18  1:12  Drone  
  19  1:23  Drone  
  20  1:34  Zergling x2  
  21  1:44  Drone  
  22  1:49  Extractor  
  21  1:57  Zergling x2  
  22  2:07  Overlord  
  22  2:25  Queen  
  24  2:35  Drone  
  24  2:36  Drone  
  26  2:41  Hatchery  
  25  2:46  Zergling x2  
  26  2:54  Drone  
  27  3:02  Lair  
  27  3:11  Drone x2  
  29  3:24  Overlord  
  29  3:36  Drone  
  30  3:48  Drone x3  
  33  4:02  Drone  
  34  4:03  Queen  
  36  4:14  Drone  
  36  4:15  Drone x4  
  41  4:23  Spire  
  40  4:25  Extractor  
  40  4:30  Zergling x2  
  40  4:34  Drone  
  41  5:01  Drone x3  
  41  5:02  Overlord  
  44  5:07  Extractor  
  44  5:11  Extractor  
  42  6:02  Infestation Pit  
  42  6:03  Drone x5  
  42  6:04  Drone  
  47  6:05  Hatchery  
  47  6:11  Zerg Flyer Weapons Level 1  
  46  6:16  Corruptor x3  
  52  6:26  Overlord x3  
  52  6:34  Overseer  
  52  6:35  Overseer  
  52  6:41  Hive  
  52  7:07  Drone x3  
  55  7:10  Corruptor x3  
  61  7:26  Mutalisk  
  63  7:31  Mutalisk x3  
  61  8:05  Zerg Flyer Armor Level 1  
  61  8:11  Hatchery  
  60  8:24  Overseer  
  60  8:29  Drone x3  
  60  8:30  Drone x3  
  66  8:47  Spire  
  65  8:53  Burrow  
  65  8:58  Corruptor x2  
  69  9:38  Queen  
  69  9:41  Overlord  
  69  9:42  Overlord, Hatchery  
  70  9:47  Extractor  
  70  9:51  Extractor  
  68  10:00  Greater Spire  
  68  10:07  Corruptor x3  
  68  10:08  Corruptor x2  
  68  10:12  Overseer  
  78  10:19  Drone x3  
  81  10:38  Corruptor x5  
  91  10:42  Overlord  
  91  10:43  Overlord x3  
  91  10:48  Corruptor x3  
  97  10:51  Zergling x2  
  97  10:53  Overlord x3  
  98  11:01  Metabolic Boost  
  87  11:25  Corruptor x2  
  87  11:26  Corruptor  
  93  11:53  Zerg Flyer Weapons Level 2  
  93  11:54  Zerg Flyer Armor Level 2  
  93  11:58  Corruptor  
  95  12:53  Queen  
  95  12:55  Queen  
  95  12:57  Corruptor  
  95  12:58  Corruptor x2  
  103  13:00  Corruptor  
  103  13:01  Corruptor x2  
  111  13:06  Corruptor  
  113  13:29  Hatchery, Brood Lord  
  114  13:43  Brood Lord x2  
  118  13:49  Brood Lord  
  120  14:29  Brood Lord  
  120  14:30  Brood Lord x4  
  130  14:51  Drone  
Tags
 
Add a new tag
Caveats
  • Supply blocks, unpowered buildings, or Contaminate may cause inaccurate times.
  • Supply counts are checked every 10 seconds.